 Dungeon Crawl Stone Soup version 0.28-a0-726-g4a9143789a (webtiles) character file.

Game seed: 6801531663633134648

5940 kae the Covert (level 10, 0/51 HPs)
             Began as a Spriggan Enchanter on Oct 27, 2021.
             Was a Priest of Dithmenos.
             Killed from afar by an orc wizard (9 damage)
             ... with a puff of flame
             ... on level 7 of the Dungeon.
             The game lasted 00:09:59 (11371 turns).

kae the Covert (Spriggan Enchanter)                Turns: 11371, Time: 00:10:00

Health: 0/51       AC:  4    Str:  7    XL:     10   Next: 54%
Magic:  13/23      EV: 17    Int: 17    God:    Dithmenos [***...]
Gold:   374        SH:  5    Dex: 16    Spells: 11/25 levels left

rFire   . . .      SeeInvis +   a - +1 dagger
rCold   + . .      Faith    .   (shield restricted)
rNeg    . . .      Spirit   .   b - +1 robe
rPois   .          Reflect  +   (helmet restricted)
rElec   .          Harm     .   r - +0 cloak
rCorr   .          Rampage  .   (gloves unavailable)
Will    +....                   (boots unavailable)
Stlth   +++++++...              q - amulet of reflection
HPRegen 0.17/turn               i - +4 ring of slaying
MPRegen 0.18/turn               l - ring of protection from cold

@: wreathed by umbra, very quick
A: very small, no large weapons, unfitting armour, see invisible, speed 3
a: Renounce Religion, Shadow Step


You were on level 7 of the Dungeon.
You worshipped Dithmenos.
Dithmenos was most pleased with you.
You visited 2 branches of the dungeon, and saw 9 of its levels.
You also visited: Sewer.

You collected 374 gold pieces.

Inventory:

Hand Weapons
 a - a +1 dagger (weapon)
Missiles
 s - 5 throwing nets (quivered)
Armour
 b - a +1 robe (worn)
 r - a +0 cloak (worn)
Jewellery
 i - a +4 ring of slaying (left hand)
 l - a ring of protection from cold (right hand)
 n - an amulet of the acrobat
 p - an amulet of magic regeneration
 q - an amulet of reflection (around neck)
 v - a +6 ring of intelligence
 A - a ring of positive energy
Wands
 g - a wand of iceblast (9)
 o - a wand of digging (5)
 y - a wand of paralysis (1)
 C - a wand of flame (22)
Scrolls
 d - a scroll of amnesia
 h - a scroll of teleportation
 k - a scroll of enchant armour
 u - 3 scrolls of identify
 w - a scroll of summoning
 B - a scroll of fog
Potions
 c - 2 potions of flight
 e - 3 potions of brilliance
 f - 2 potions of might
 j - a potion of magic
 m - 2 potions of berserk rage
 t - a potion of resistance
 x - 2 potions of curing


   Skills:
 + Level 5.1 Fighting
 * Level 10.2 Short Blades
 - Level 2.6 Dodging
 + Level 11.0 Stealth
 + Level 8.2 Spellcasting
 + Level 8.8 Hexes


You had 11 spell levels left.
You knew the following spells:

 Your Spells              Type           Power      Damage    Failure   Level
a - Ensorcelled Hibernat  Hex/Ice        44%        N/A       2%          2
b - Confusing Touch       Hex            37%        N/A       1%          3
c - Tukima's Dance        Hex            37%        N/A       1%          3
d - Dazzling Flash        Conj/Hex       44%        N/A       4%          3
e - Ozocubu's Armour      Ice            7%         N/A       30%         3

Your spell library contained the following spells:

 Spells                   Type           Power      Damage    Failure   Level
 Summon Guardian Golem    Hex/Summ       22%        N/A       4%          3
 Freeze                   Ice            28%        1d5       11%         1
 Summon Small Mammal      Summ           28%        N/A       11%         1
 Call Canine Familiar     Summ           7%         N/A       30%         3
 Frozen Ramparts          Ice            14%        1d3       30%         3
 Hailstorm                Conj/Ice       7%         3d4       71%         4
 Ozocubu's Refrigeration  Ice            3%         4d5       100%        7


Dungeon Overview and Level Annotations

Branches:
Dungeon (8/15)             Temple (1/1) D:4           Sewer (visited)
   Lair: D:8-11

Altars:
Ashenzari
Cheibriados
Dithmenos
Elyvilon
Fedhas
Gozag
Hepliaklqana
Kikubaaqudgha
Makhleb
Nemelex Xobeh
Okawaru
Qazlal
Ru
Trog
Vehumet
Wu Jian
Xom
Yredelemnul
Zin
The Shining One


Innate Abilities, Weirdness & Mutations

You are very small and have problems with some larger weapons.
You are too small for most types of armour.
You have supernaturally acute eyesight. (SInv)
You cover ground extremely quickly. (Speed+++)


Message History

The orc priest hits you but does no damage.
The orc warrior closely misses you.
Casting: Ensorcelled Hibernation (safe; 2% risk of failure)
Confirm with . or Enter, or press ? or * to list all spells.
Aiming: Ensorcelled Hibernation (safe; 2% risk of failure)
Press: ? - help, Shift-Dir - straight line, f/p - orc wizard
Aim: an orc wizard, wielding a +0 dagger and wearing a +0 robe (umbra, chance to affect: 51%)
The orc wizard resists with some effort.
The orc wizard misses you. The orc priest closely misses you.
The orc warrior hits you from afar with a +0 halberd.
Casting: Ensorcelled Hibernation (safe; 2% risk of failure)
Confirm with . or Enter, or press ? or * to list all spells.
Aiming: Ensorcelled Hibernation (safe; 2% risk of failure)
Press: ? - help, Shift-Dir - straight line, f/p - orc wizard
Aim: an orc wizard, wielding a +0 dagger and wearing a +0 robe (umbra, chance to affect: 51%)
The orc wizard resists with some effort.
The orc wizard hits you but does no damage.
The orc priest hits you with a +0 club. The orc warrior misses you.
The cyclops throws a large rock.
The large rock hits you!!
* * * LOW HITPOINT WARNING * * *
You emit a cloud of dark smoke.
You block the orc wizard's attack. The orc priest closely misses you.
You block the orc warrior's attack.
You climb upwards.
There is a stone staircase leading down here.
Casting: Ensorcelled Hibernation (safe; 2% risk of failure)
Confirm with . or Enter, or press ? or * to list all spells.
Aiming: Ensorcelled Hibernation (safe; 2% risk of failure)
Press: ? - help, Shift-Dir - straight line, f - orc priest
Aim: an orc priest, wielding a +0 club and wearing a +0 scale mail (umbra, chance to affect: 51%)
The orc priest looks drowsy...
The orc wizard hits you with a +0 dagger.
* * * LOW HITPOINT WARNING * * *
The helpless orc priest fails to defend itself.
You spit the orc priest like a pig!!!!
You kill the orc priest!
Dithmenos accepts your kill.
The orc wizard points at you and mumbles some strange words.
The puff of flame hits you!
You die...

######._.######..................
# #...#.......................
### ##..........................
..#####.##.............#..#......
......................##.........
.######.............#####........
########............####...#.....
#......#........)...............#
#....).#........@.#####.........#
#...)..........o.## ##...)))##..
#...)..#..........# #....)...#..
#......#..........# ###...<).#..
########.........#######......#..
.######..........................
...)....................#..#.....
##........[............###.#.....
###............................#


You could see an orc wizard.

Vanquished Creatures
  Pikel (D:5)
  Joseph (D:7)
  A gargoyle (D:6)
  Maggie (D:6)
  A hornet (D:7)
  Grinder (D:6)
  Prince Ribbit (D:6)
  Eustachio (D:6)
  2 steam dragons
  A vampire mosquito (D:6)
  Menkaure (D:4)
  Edmund (D:4)
  2 water moccasins
  3 black bears
  An ice beast (D:6)
  An orc warrior (D:6)
  4 ogres
  2 necrophages (D:6)
  2 phantoms (D:5)
  A bullfrog (D:6)
  Blork the orc (D:4)
  A wyvern zombie (D:7)
  4 gnoll sergeants
  A water moccasin skeleton (D:3)
  A centaur zombie (D:6)
  8 hounds
  2 jellies
  4 bullfrog skeletons
  Crazy Yiuf (D:4)
  4 orc priests
  6 gnoll shamans
  A scorpion zombie (D:5)
  2 iguanas
  6 orc wizards
  2 killer bee zombies
  7 adders
  28 gnolls
  A shadow imp (D:6)
  2 worms
  3 dart slugs
  15 orcs
  6 ball pythons
  5 bats
  6 endoplasms
  A giant cockroach (D:4)
  5 goblins
  5 hobgoblins
  4 jackals
  4 quokkas
  2 frilled lizards
  9 kobolds
  4 rats
180 creatures vanquished.

Vanquished Creatures (collateral kills)
  An adder (D:3)
1 creature vanquished.

Vanquished Creatures (others)
  A dancing weapon (D:7)
  An orc (D:8)
2 creatures vanquished.

Grand Total: 183 creatures vanquished

Notes
Turn   | Place    | Note
-------+----------+-------------------------------------------
     0 | D:1      | kae the Spriggan Enchanter began the quest for the Orb.
     0 | D:1      | Reached XP level 1. HP: 9/9 MP: 5/5
   395 | D:1      | Reached XP level 2. HP: 13/13 MP: 6/6
   459 | D:1      | Learned a level 2 spell: Ensorcelled Hibernation
   704 | D:1      | Found a faded altar of an unknown god.
  1563 | D:2      | Reached XP level 3. HP: 17/17 MP: 8/8
  1908 | D:2      | Reached skill level 1 in Fighting
  2082 | D:3      | Learned a level 3 spell: Confusing Touch
  2086 | D:3      | Learned a level 3 spell: Tukima's Dance
  2168 | D:3      | Reached skill level 5 in Stealth
  2168 | D:3      | Reached XP level 4. HP: 22/22 MP: 6/9
  3364 | D:3      | Reached XP level 5. HP: 11/25 MP: 7/11
  4117 | D:4      | Found a staircase to the Ecumenical Temple.
  4118 | D:4      | Noticed a black bear
  4123 | D:4      | Noticed Menkaure
  4127 | D:4      | Killed a black bear
  4132 | Temple   | Entered the Ecumenical Temple
  4354 | Temple   | Became a worshipper of Dithmenos the Shadowed
  4392 | D:4      | HP: 1/25 [Menkaure (12)]
  4395 | D:4      | Killed Menkaure
  4396 | D:4      | Reached skill level 6 in Stealth
  4396 | D:4      | Reached XP level 6. HP: 2/30 MP: 11/13
  4458 | D:4      | Found a glowing drain.
  4607 | Sewer    | Entered a sewer
  4792 | Sewer    | Noticed a water moccasin
  4799 | Sewer    | Killed a water moccasin
  4800 | Sewer    | Reached skill level 5 in Hexes
  5049 | D:4      | Noticed Edmund
  5074 | D:4      | Killed Edmund
  5075 | D:4      | Reached XP level 7. HP: 10/35 MP: 7/14
  5367 | D:4      | Found a runed translucent door.
  5368 | D:4      | Noticed Crazy Yiuf
  5618 | D:4      | Reached skill level 5 in Short Blades
  5704 | D:4      | Noticed Blork the orc
  5708 | D:4      | Killed Blork the orc
  5709 | D:4      | Reached skill level 5 in Spellcasting
  5768 | D:4      | Reached skill level 7 in Stealth
  5947 | D:4      | Identified the +1 dagger of Indomitability {venom, rCorr
                  | Str+3}
  6217 | D:4      | Killed Crazy Yiuf
  6217 | D:4      | Reached * piety under Dithmenos
  6317 | D:5      | Entered Level 5 of the Dungeon
  6506 | D:5      | Reached XP level 8. HP: 39/39 MP: 16/16
  6606 | D:5      | Noticed Pikel
  6679 | D:5      | Killed Pikel
  6680 | D:5      | Reached skill level 8 in Stealth
  6969 | D:5      | Learned a level 3 spell: Dazzling Flash
  6973 | D:5      | Learned a level 3 spell: Ozocubu's Armour
  7349 | D:6      | Noticed Prince Ribbit
  7353 | D:6      | Killed Prince Ribbit
  7354 | D:6      | Reached XP level 9. HP: 31/45 MP: 14/19
  7379 | D:6      | Reached ** piety under Dithmenos
  7385 | D:6      | Noticed Grinder
  7409 | D:6      | Killed Grinder
  7410 | D:6      | Reached skill level 9 in Stealth
  7709 | D:6      | Noticed Eustachio
  7714 | D:6      | Killed Eustachio
  7993 | D:6      | Noticed Maggie
  8002 | D:6      | Killed Maggie
  8204 | D:6      | Reached skill level 10 in Stealth
  8356 | D:6      | Noticed a gargoyle
  8381 | D:6      | Killed a gargoyle
  8382 | D:6      | Reached XP level 10. HP: 39/51 MP: 6/22
  9470 | D:7      | Noticed Joseph
  9487 | D:7      | Reached *** piety under Dithmenos
  9733 | D:7      | Paralysed by Joseph for 5 turns
  9896 | D:7      | Killed Joseph
  9897 | D:7      | Reached skill level 5 in Fighting
 10167 | D:7      | Reached skill level 10 in Short Blades
 10418 | D:7      | Found a bloodstained altar of Trog.
 11162 | D:7      | Reached skill level 11 in Stealth
 11354 | D:8      | Noticed a cyclops
 11371 | D:7      | Killed from afar by an orc wizard

Illustrated notes

Levels and vault maps discovered:
D:1:      elethiomel_arrival_shortcut, layout_loops_ring, basic_ecumenical_altar
D:2:      layout_loops_ring
D:3:      layout_basic, kennysheep_nondescript, minmay_misc_feat_five
D:4:      minmay_evil_eye, layout_loops_corners, minmay_temple_entry_statues,
          portal_sewer_entry_d, uniq_blork_the_orc, uniq_edmund, uniq_menkaure,
          uniq_crazy_yiuf_cottage
D:5:      layout_basic, uniq_pikel
D:6:      minmay_opposing_rooms, layout_loops_ring, uniq_eustachio,
          uniq_prince_ribbit1, uniq_maggie, uniq_grinder
D:7:      layout_cave_pools, bloody_trog, serial_gnoll_camp,
          gnoll_camp_huts_basic, gnoll_camp_mini_sergeant,
          gnoll_camp_mini_house, gnoll_camp_mini_house, gnoll_camp_mini_basic,
          uniq_joseph
D:8:      layout_rooms
Temple:   roderic_octagonal_lattice_temple

Skill      XL: |  1  2  3  4  5  6  7  8  9 10 |
---------------+-------------------------------+-----
Short Blades   | 2 3 4 5 7 9 10 | 10.2
Spellcasting   | 3 4 5 6 7 8 |  8.2
Hexes          | 4 5 7 8 |  8.8
Fighting       | 1 2 3 4 5 |  5.1
Stealth        | 5 6 7 8 10 11 | 11.0
Dodging        | |  2.6

Action                   |  1- 3 |  4- 6 |  7- 9 | 10-12 || total
-------------------------+-------+-------+-------+-------++-------
Melee: Dagger            |    98 |   112 |   161 |   167 ||   538
 Cast: Ensorcelled Hiber |     9 |    21 |    50 |    75 ||   155
       Confusing Touch   |       |     4 |     7 |     7 ||    18
       Dazzling Flash    |       |       |     1 |     1 ||     2
       Tukima's Dance    |       |       |       |     1 ||     1
  Use: Scroll            |     3 |     6 |     4 |     2 ||    15
       Potion            |       |     4 |       |       ||     4
 Stab: Sleeping          |    22 |    12 |    39 |    43 ||   116
       Confused          |       |     2 |     8 |     4 ||    14
       Invisible         |       |       |       |     2 ||     2
       Distracted        |       |       |       |     1 ||     1
Armor: Robe              |     6 |     7 |    12 |    11 ||    36
Dodge: Dodged            |    64 |    72 |    84 |   139 ||   359
Block: Other             |       |       |       |    32 ||    32
       Reflection        |       |       |       |     5 ||     5

Table legend: (Time is in decaauts)
 A = Elapsed time spent in this place.
 B = Non-inter-level travel time spent in this place.
 C = Inter-level travel time spent in this place.
 D = Time resting spent in this place.
 E = Time spent auto-exploring this place.
 F = Levels seen in this place.
 G = Mean time per level.
                   A        B        C        D        E       F      G
               +--------+--------+--------+--------+--------+-----+--------+
         Total |   9161 |   8960 |    201 |   3295 |   4320 |  10 |  916.1 |
       Dungeon |   8763 |   8577 |    186 |   3207 |   4071 |   8 | 1095.4 |
        Temple |    160 |    146 |     14 |      0 |    130 |   1 |  160.0 |
         Sewer |    237 |    237 |      0 |     88 |    118 |   1 |  237.0 |
               +--------+--------+--------+--------+--------+-----+--------+

Top non-repeatable levels by time:
     D:7: 1914 daAuts
     D:3: 1612 daAuts
     D:6: 1385 daAuts
     D:4: 1351 daAuts
     D:5: 897 daAuts
     D:1: 822 daAuts
     D:2: 767 daAuts
   Sewer: 237 daAuts
  Temple: 160 daAuts
     D:8: 11 daAuts
